 Dungeon Crawl Stone Soup version 0.21.1-1-g345015f (webtiles) character file.

2331 Kandryn the Basher (level 9, -13/121 HPs)
             Began as a Minotaur Berserker on July 3, 2018.
             Was an Elder of Trog.
             Mangled by sking99's ghost (19 damage)
             ... on level 7 of the Dungeon.
             The game lasted 00:17:18 (6500 turns).

Kandryn the Basher (Minotaur Berserker)             Turns: 6500, Time: 00:17:19

Health: -13/121    AC:  5    Str: 30    XL:     9   Next: 19%
Magic:  8/8        EV: 14    Int:  4    God:    Trog [****..]
Gold:   361        SH:  4    Dex: 10    Spells: 8/8 levels left

rFire    . . .     SeeInvis .   a - +0 mace
rCold    . . .     Gourm    .   i - +0 buckler
rNeg     . . .     Faith    .   G - +0 leather armour
rPois    +         Spirit   .   (helmet restricted)
rElec    .         Reflect  .   o - +0 cloak {rPois}
rCorr    .         Harm     .   h - +0 pair of gloves
MR       .....                  (no boots)
Stlth    ..........             (no amulet)
HPRegen  0.30/turn              (no ring)
MPRegen  0.11/turn              (no ring)

@: berserking, very quick
A: retaliatory headbutt, horns 2
a: Berserk, Trog's Hand, Brothers in Arms, Burn Spellbooks, Renounce Religion


You were on level 7 of the Dungeon.
You worshipped Trog.
Trog was greatly pleased with you.
You were not hungry.

You visited 1 branch of the dungeon, and saw 7 of its levels.
You also visited: Sewer.

You collected 361 gold pieces.

Inventory:

Hand Weapons
 a - a +0 mace (weapon)
 v - a +2 hand axe of flaming
Armour
 b - a +0 animal skin
 h - a +0 pair of gloves (worn)
 i - a +0 buckler (worn)
 o - a +0 cloak of poison resistance (worn)
 G - a +0 leather armour (worn)
Jewellery
 j - a cursed ring of teleportation
 s - an uncursed amulet of harm
 w - an uncursed ring of stealth {unknown}
 A - an uncursed ring of flight
Wands
 p - a wand of flame (9)
 q - a wand of random effects (18)
Scrolls
 e - 4 scrolls of remove curse
 f - a scroll of fear
 g - a scroll of noise {unknown}
 l - 3 scrolls of amnesia
 m - a scroll of teleportation
 n - 3 scrolls of magic mapping {unknown}
 u - a scroll of enchant armour {unknown}
 y - a scroll of enchant weapon {unknown}
 B - 2 scrolls of fog {unknown}
Potions
 d - a potion of heal wounds {unknown}
 k - 3 potions of curing {unknown}
 r - 2 potions of berserk rage {unknown}
 t - a potion of agility {unknown}
 x - 3 potions of magic {unknown}
 z - a potion of ambrosia {unknown}
 D - a potion of cancellation {unknown}
 E - a potion of haste {unknown}
 F - a potion of mutation {unknown}
Comestibles
 c - 8 rations


   Skills:
 + Level 8.0 Fighting
 + Level 10.0 Maces & Flails
 + Level 3.1 Armour
 + Level 6.1 Dodging
 - Level 2.1 Stealth
 * Level 4.6 Shields


You had 8 spell levels left.
You didn't know any spells.

Dungeon Overview and Level Annotations

Branches:
Dungeon (7/15)             Temple (0/1) D:4

Altars:
Ashenzari
Elyvilon

Annotations:
D:7 sking99's ghost, novice TrMo


Innate Abilities, Weirdness & Mutations

You reflexively headbutt those who attack you in melee.
You have a pair of horns on your head.


Message History

You destroy the bullfrog zombie!
Trog accepts your kill.
Your Maces & Flails skill increases to level 10!
Sking99's ghost hits you but does no damage.
You miss the crimson imp.
The crimson imp hits you but does no damage.
You barely miss the crimson imp. Your headbutt misses the crimson imp.
You block sking99's ghost's attack.
You bludgeon the crimson imp!!
You kill the crimson imp!
Trog accepts your kill.
You sock sking99's ghost! Your headbutt misses sking99's ghost.
Sking99's ghost is heavily damaged.
You block sking99's ghost's attack.
You sock sking99's ghost! Your headbutt misses sking99's ghost.
Sking99's ghost is heavily damaged.
You hit sking99's ghost. Your headbutt misses sking99's ghost.
Sking99's ghost is heavily damaged.
Sking99's ghost hits you!!
You die...

# # .#.#
.#.# #
######...#.#
#.!........#
#....W......
#...@.....#
##.#.###.##
#.........
#.####....
#.. ..# #..#
.. ...# .
##.# .#


You could see sking99's ghost.

Vanquished Creatures
  Sigmund (D:3)
  Menkaure (D:6)
  An ice beast (D:5)
  3 centaurs (D:5)
  6 ogres
  3 bullfrogs (D:6)
  A scorpion (D:5)
  The ghost of Robespierre the Poker, a weakling TeSk (D:3)
  4 crimson imps
  A bullfrog zombie (D:7)
  A centaur skeleton (D:5)
  3 hounds (D:4)
  2 jellies
  Crazy Yiuf (D:3)
  2 orc priests
  Jessica (D:3)
  2 bullfrog skeletons
  2 iguanas
  A worker ant (D:6)
  A hound skeleton (D:4)
  Robin (D:3)
  A howler monkey skeleton (D:6)
  11 adders
  4 gnolls (D:5)
  A river rat (D:6)
  A shadow imp (D:5)
  An ooze (D:1)
  An adder zombie (D:5)
  An adder skeleton (D:5)
  3 worms
  A dart slug (D:2)
  6 leopard geckos
  17 orcs
  7 ball pythons
  5 bats
  6 giant cockroaches
  11 goblins
  6 hobgoblins
  11 jackals
  17 kobolds
  2 quokkas
  9 frilled lizards
  A giant cockroach zombie (D:6)
  A jackal zombie (D:5)
  7 rats
  5 plants (Sewer)
175 creatures vanquished.

Notes
Turn   | Place    | Note
-------+----------+-------------------------------------------
     0 | D:1      | Kandryn the Minotaur Berserker began the quest for the Orb.
     0 | D:1      | Reached XP level 1. HP: 19/19 MP: 0/0
   102 | D:1      | Reached XP level 2. HP: 27/27 MP: 1/1
   178 | D:1      | Found a shattered altar of Ashenzari.
   224 | D:1      | Reached skill level 4 in Maces & Flails
   578 | D:2      | Reached XP level 3. HP: 30/33 MP: 2/2
   906 | D:2      | Reached ** piety under Trog
  1112 | D:2      | You fall through a shaft for 2 floors!
  1112 | D:4      | Noticed an ogre
  1125 | D:4      | Killed an ogre
  1125 | D:4      | Reached skill level 5 in Fighting
  1125 | D:4      | Reached skill level 5 in Maces & Flails
  1125 | D:4      | Reached XP level 4. HP: 42/42 MP: 3/3
  1125 | D:4      | Reached XP level 5. HP: 48/48 MP: 4/4
  1247 | D:3      | Noticed Robespierre's ghost (weakling TeSk)
  1256 | D:3      | Killed Robespierre's ghost
  1559 | D:3      | Found a runed door.
  1563 | D:3      | Noticed Crazy Yiuf
  1566 | D:3      | Killed Crazy Yiuf
  1566 | D:3      | Reached skill level 6 in Maces & Flails
  1566 | D:3      | Reached XP level 6. HP: 56/56 MP: 5/5
  1704 | D:3      | Noticed Sigmund
  1714 | D:3      | Killed Sigmund
  1715 | D:3      | Noticed Jessica
  1866 | D:3      | Killed Jessica
  1940 | D:3      | Noticed Robin
  1959 | D:3      | Killed Robin
  2226 | D:3      | Reached *** piety under Trog
  2226 | D:3      | Reached XP level 7. HP: 62/62 MP: 6/6
  2726 | D:4      | Reached skill level 7 in Maces & Flails
  2726 | D:4      | Reached skill level 1 in Stealth
  2868 | D:4      | Found a staircase to the Ecumenical Temple.
  3099 | D:5      | Entered Level 5 of the Dungeon
  3740 | D:5      | Reached skill level 1 in Shields
  3895 | D:5      | Reached XP level 8. HP: 71/71 MP: 7/7
  3965 | D:5      | Reached skill level 8 in Maces & Flails
  3974 | D:5      | Reached skill level 5 in Dodging
  4628 | D:6      | Reached **** piety under Trog
  4649 | D:6      | Reached skill level 9 in Maces & Flails
  4746 | D:6      | Found a glowing drain.
  4750 | Sewer    | Entered a sewer
  5935 | D:6      | Found a white marble altar of Elyvilon.
  5983 | D:6      | Reached XP level 9. HP: 81/81 MP: 8/8
  6087 | D:6      | Noticed Menkaure
  6093 | D:6      | Killed Menkaure
  6237 | D:7      | Noticed sking99's ghost (novice TrMo)
  6493 | D:7      | HP: 5/121 [sking99's ghost (24)]
  6494 | D:7      | Reached skill level 10 in Maces & Flails
  6500 | D:7      | Mangled by sking99's ghost

Skill      XL: |  1  2  3  4  5  6  7  8  9 |
---------------+----------------------------+-----
Fighting       | 4 5 6 7 8 |  8.0
Maces & Flails | 4 5 6 7 9 10 | 10.0
Dodging        | 3 4 5 6 |  6.1
Armour         | 3 |  3.1
Stealth        | 2 |  2.1
Shields        | 1 4 |  4.6

Action                   |  1- 3 |  4- 6 |  7- 9 || total
-------------------------+-------+-------+-------++-------
Melee: Mace              |    74 |    89 |   357 ||   520
       Headbutt          |    10 |    19 |    83 ||   112
Invok: Berserk           |     1 |     1 |     3 ||     5
       Trog's Hand       |       |     1 |       ||     1
  Use: Scroll            |       |     7 |     2 ||     9
 Stab: Sleeping          |       |     1 |     6 ||     7
  Eat: Chunk             |     1 |     5 |     9 ||    15
       Ration            |       |       |     3 ||     3
Armor: Animal skin       |    11 |    18 |    33 ||    62
       Leather armour    |       |       |     7 ||     7
Dodge: Dodged            |    44 |    42 |   163 ||   249
Block: Buckler           |       |       |    38 ||    38
